TOP OF THE 1ST |
Pittsburgh Pirates batting - Pitching for San Francisco Giants : RHP Tyler Glasnow
|
Pitching: RHP Tyler Glasnow
|
|
Batting: RHB Byron Buxton
|
0-0: Ball 1-0: Called Strike 1-1: Foul Ball, location: 2F 1-2: Ball 2-2: Ball 3-2: Strikes out swinging
|
Batting: LHB Jason Kipnis
|
0-0: Called Strike 0-1: Ball 1-1: Ball 2-1: Bunted foul 2-2: Strikes out looking
|
Batting: LHB LaMonte Wade
|
0-0: Ball 1-0: Fly out, F9 (Flyball, 9D, EV 86.9 MPH)
|
Top of the 1st over - 0 runs, 0 hits, 0 errors, 0 left on base; Pittsburgh 0 - San Francisco 0 |
BOTTOM OF THE 1ST |
San Francisco Giants batting - Pitching for Pittsburgh Pirates : RHP Rick Porcello
|
Pitching: RHP Rick Porcello
|
|
Batting: RHB Jose Iglesias
|
0-0: Swinging Strike 0-1: Ball 1-1: DOUBLE (Groundball, 3L, EV 103.1 MPH)
|
Batting: LHB Anthony Rizzo
|
0-0: Called Strike 0-1: Ball 1-1: Fly out, F8 (Flyball, 8LM, EV 90.6 MPH)
|
Batting: SHB Yasmani Grandal
|
0-0: Ball 1-0: SINGLE (Line Drive, 6M, EV 95.6 MPH) Jose Iglesias to third
|
Batting: LHB Daniel Palka
|
0-0: Swinging Strike 0-1: Ball 1-1: Ball 2-1: Foul Ball, location: 2F 2-2: Strikes out swinging
|
Batting: LHB Kyle Seager
|
0-0: Fly out, F8 (Flyball, 8LM, EV 81.3 MPH)
|
Bottom of the 1st over - 0 runs, 2 hits, 0 errors, 2 left on base; Pittsburgh 0 - San Francisco 0 |
TOP OF THE 2ND |
Pittsburgh Pirates batting - Pitching for San Francisco Giants : RHP Tyler Glasnow
|
Batting: RHB Franmil Reyes
|
0-0: Called Strike 0-1: Swinging Strike 0-2: Foul Ball, location: 2F 0-2: Ball 1-2: Strikes out swinging
|
Batting: RHB Ryan Zimmerman
|
0-0: Called Strike 0-1: Swinging Strike 0-2: Strikes out swinging
|
Batting: LHB Jake Lamb
|
0-0: Ball 1-0: Ball 2-0: Foul Ball, location: 2F 2-1: Foul Ball, location: 2F 2-2: Ball 3-2: Foul Ball, location: 2F 3-2: Base on Balls
|
Batting: RHB Renato Nunez
|
0-0: Ball 1-0: Fielders Choice at 2nd, U6 (Groundball, 6M, EV 80.6 MPH)
|
Top of the 2nd over - 0 runs, 0 hits, 0 errors, 1 left on base; Pittsburgh 0 - San Francisco 0 |
BOTTOM OF THE 2ND |
San Francisco Giants batting - Pitching for Pittsburgh Pirates : RHP Rick Porcello
|
Batting: LHB Tyler Naquin
|
0-0: Called Strike 0-1: Foul Ball, location: 2F 0-2: Ball 1-2: Ball 2-2: Ball 3-2: Strikes out swinging, 2-3 out at first.
|
Batting: RHB Austin Slater
|
0-0: Called Strike 0-1: DOUBLE (Flyball, 8LD, EV 89.4 MPH)
|
Batting: RHB Yairo Munoz
|
0-0: Ball 1-0: Ground out 5-3 (Groundball, 56, EV 100.0 MPH)
|
Batting: LHB Tyler Glasnow
|
0-0: Ball 1-0: Ball 2-0: Ball 3-0: Foul Ball, location: 2F 3-1: SINGLE (Groundball, 15, EV 73.1 MPH) (infield hit) Austin Slater to third
|
Batting: RHB Jose Iglesias
|
0-0: Fly out, F9 (Flyball, 9S, EV 86.9 MPH)
|
Bottom of the 2nd over - 0 runs, 2 hits, 0 errors, 2 left on base; Pittsburgh 0 - San Francisco 0 |
TOP OF THE 3RD |
Pittsburgh Pirates batting - Pitching for San Francisco Giants : RHP Tyler Glasnow
|
Batting: RHB Josh Phegley
|
0-0: Ball 1-0: Swinging Strike 1-1: Swinging Strike 1-2: Ball 2-2: Strikes out swinging
|
Batting: RHB Rick Porcello
|
0-0: SOLO HOME RUN (Flyball, 7D, EV 110.0 MPH), Distance : 377 ft
|
Batting: RHB Byron Buxton
|
0-0: Ball 1-0: Foul Ball, location: 2F 1-1: Swinging Strike 1-2: Strikes out swinging
|
Batting: LHB Jason Kipnis
|
0-0: Called Strike 0-1: Called Strike 0-2: Ball 1-2: Ball 2-2: Strikes out looking
|
Top of the 3rd over - 1 run, 1 hit, 0 errors, 0 left on base; Pittsburgh 1 - San Francisco 0 |
BOTTOM OF THE 3RD |
San Francisco Giants batting - Pitching for Pittsburgh Pirates : RHP Rick Porcello
|
Batting: LHB Anthony Rizzo
|
0-0: Swinging Strike 0-1: Fly out, F8 (Flyball, 8RXD, EV 107.5 MPH)
|
Batting: SHB Yasmani Grandal
|
0-0: Called Strike 0-1: Ball 1-1: Swinging Strike 1-2: Ball 2-2: Strikes out swinging
|
Batting: LHB Daniel Palka
|
0-0: Ball 1-0: Ball 2-0: Foul Ball, location: 2F 2-1: Ball 3-1: Base on Balls
|
Batting: LHB Kyle Seager
|
0-0: Ball 1-0: Called Strike 1-1: Ball 2-1: Ball 3-1: Fly out, F7 (Flyball, 78M, EV 81.3 MPH)
|
Bottom of the 3rd over - 0 runs, 0 hits, 0 errors, 1 left on base; Pittsburgh 1 - San Francisco 0 |
TOP OF THE 4TH |
Pittsburgh Pirates batting - Pitching for San Francisco Giants : RHP Tyler Glasnow
|
Batting: LHB LaMonte Wade
|
0-0: Called Strike 0-1: Swinging Strike 0-2: Ball 1-2: Ball 2-2: Foul Ball, location: 2F 2-2: Strikes out swinging
|
Batting: RHB Franmil Reyes
|
0-0: Ball 1-0: Called Strike 1-1: Swinging Strike 1-2: Ball 2-2: Strikes out swinging
|
Batting: RHB Ryan Zimmerman
|
0-0: Ball 1-0: Swinging Strike 1-1: Ball 2-1: Called Strike 2-2: Foul Ball, location: 2F 2-2: Foul Ball, location: 2F 2-2: Fly out, F9 (Flyball, 9S, EV 81.3 MPH)
|
Top of the 4th over - 0 runs, 0 hits, 0 errors, 0 left on base; Pittsburgh 1 - San Francisco 0 |
BOTTOM OF THE 4TH |
San Francisco Giants batting - Pitching for Pittsburgh Pirates : RHP Rick Porcello
|
Batting: LHB Tyler Naquin
|
0-0: Fly out, F8 (Flyball, 8RS, EV 90.0 MPH)
|
Batting: RHB Austin Slater
|
0-0: Called Strike 0-1: Ground out 4-3 (Groundball, 4M, EV 107.5 MPH)
|
Batting: RHB Yairo Munoz
|
0-0: Fly out, F8 (Flyball, 8LM, EV 91.3 MPH)
|
Bottom of the 4th over - 0 runs, 0 hits, 0 errors, 0 left on base; Pittsburgh 1 - San Francisco 0 |
TOP OF THE 5TH |
Pittsburgh Pirates batting - Pitching for San Francisco Giants : RHP Tyler Glasnow
|
Batting: LHB Jake Lamb
|
0-0: Called Strike 0-1: Ball 1-1: Called Strike 1-2: Ball 2-2: Ball 3-2: SINGLE (Groundball, 4MD, EV 101.9 MPH)
|
Batting: RHB Renato Nunez
|
0-0: Swinging Strike 0-1: Swinging Strike 0-2: Foul Ball, location: 2F 0-2: Strikes out looking
|
Batting: RHB Josh Phegley
|
0-0: Called Strike 0-1: Ball 1-1: Ball 2-1: Called Strike 2-2: Foul Ball, location: 2F 2-2: Strikes out swinging
|
Batting: RHB Rick Porcello
|
0-0: Ball Wild Pitch! Jake Lamb to second 1-0: Called Strike 1-1: Called Strike 1-2: Ball 2-2: Foul Ball, location: 2F 2-2: Strikes out looking
|
Top of the 5th over - 0 runs, 1 hit, 0 errors, 1 left on base; Pittsburgh 1 - San Francisco 0 |
BOTTOM OF THE 5TH |
San Francisco Giants batting - Pitching for Pittsburgh Pirates : RHP Rick Porcello
|
Pinch Hitting: LHB Carlos Gonzalez
|
0-0: Foul Ball, location: 2F 0-1: Fly out, F5 (Popup, 6S, EV 70.0 MPH)
|
Batting: RHB Jose Iglesias
|
0-0: Foul Ball, location: 2F 0-1: Ground out 4-3 (Groundball, 4, EV 83.1 MPH)
|
Batting: LHB Anthony Rizzo
|
0-0: Ball 1-0: Ball 2-0: Ball 3-0: Base on Balls
|
Batting: SHB Yasmani Grandal
|
0-0: Foul Ball, location: 2F 0-1: Ball 1-1: Ball 2-1: Foul Ball, location: 2F 2-2: Foul Ball, location: 2F 2-2: Ball 3-2: 2-RUN HOME RUN (Line Drive, 89XD, EV 104.4 MPH), Distance : 448 ft
|
Batting: LHB Daniel Palka
|
0-0: Ball 1-0: Foul Ball, location: 2F 1-1: Foul Ball, location: 2F 1-2: Foul Ball, location: 2F 1-2: Ball 2-2: Ball 3-2: Strikes out swinging
|
Bottom of the 5th over - 2 runs, 1 hit, 0 errors, 0 left on base; Pittsburgh 1 - San Francisco 2 |
TOP OF THE 6TH |
Pittsburgh Pirates batting - Pitching for San Francisco Giants : RHP Tyler Glasnow
|
Pitching: RHP Carlos Alejandro Ramirez
|
|
Batting: RHB Byron Buxton
|
0-0: Ball 1-0: Ball 2-0: Called Strike 2-1: Foul Ball, location: 2F 2-2: Foul Ball, location: 2F 2-2: Ball 3-2: Foul Ball, location: 2F 3-2: Base on Balls
|
Batting: LHB Jason Kipnis
|
0-0: Ball 1-0: Called Strike 1-1: Swinging Strike 1-2: Strikes out swinging
|
Batting: LHB LaMonte Wade
|
0-0: Ball Byron Buxton is caught stealing 2nd base 2-6 1-0: Ground out 1-3 (Groundball, 15S, EV 73.1 MPH)
|
Top of the 6th over - 0 runs, 0 hits, 0 errors, 0 left on base; Pittsburgh 1 - San Francisco 2 |
BOTTOM OF THE 6TH |
San Francisco Giants batting - Pitching for Pittsburgh Pirates : RHP Rick Porcello
|
Batting: LHB Kyle Seager
|
0-0: Foul Ball, location: 2F 0-1: Ball 1-1: Swinging Strike 1-2: Ground out 4-3 (Groundball, 34D, EV 103.8 MPH)
|
Batting: LHB Tyler Naquin
|
0-0: Ball 1-0: Fly out, F7 (Line Drive, 7, EV 96.9 MPH)
|
Batting: RHB Austin Slater
|
0-0: Called Strike 0-1: SINGLE (Groundball, 56D, EV 111.3 MPH)
|
Batting: RHB Yairo Munoz
|
0-0: Ball Austin Slater is caught stealing 2nd base 2-4
|
Bottom of the 6th over - 0 runs, 1 hit, 0 errors, 0 left on base; Pittsburgh 1 - San Francisco 2 |
TOP OF THE 7TH |
Pittsburgh Pirates batting - Pitching for San Francisco Giants : RHP Carlos Alejandro Ramirez
|
Pitching: RHP Brad Boxberger
|
|
Batting: RHB Franmil Reyes
|
0-0: Called Strike 0-1: Ball 1-1: Ball 2-1: Foul Ball, location: 2F 2-2: Foul Ball, location: 2F 2-2: Strikes out swinging
|
Batting: RHB Ryan Zimmerman
|
0-0: Ball 1-0: Foul Ball, location: 2F 1-1: Called Strike 1-2: Strikes out swinging
|
Batting: LHB Jake Lamb
|
0-0: Foul Ball, location: 2F 0-1: Ball 1-1: Called Strike 1-2: Ball 2-2: Ball 3-2: Foul Ball, location: 2F 3-2: Ground out 6-3 (Groundball, 6M, EV 75.6 MPH)
|
Top of the 7th over - 0 runs, 0 hits, 0 errors, 0 left on base; Pittsburgh 1 - San Francisco 2 |
BOTTOM OF THE 7TH |
San Francisco Giants batting - Pitching for Pittsburgh Pirates : RHP Rick Porcello
|
Batting: RHB Yairo Munoz
|
0-0: Ground out 1-3 (Groundball, 15, EV 85.6 MPH)
|
Pinch Hitting: RHB Hunter Dozier
|
0-0: Ball 1-0: Ball 2-0: Called Strike 2-1: Swinging Strike 2-2: SINGLE (Groundball, 6D, EV 102.5 MPH)
|
Batting: RHB Jose Iglesias
|
0-0: Ball 1-0: Ball 2-0: Called Strike 2-1: Foul Ball, location: 2F 2-2: Foul Ball, location: 2F 2-2: Fielders Choice at 2nd, 6-4 (Groundball, 56, EV 88.8 MPH)
|
Batting: LHB Anthony Rizzo
|
0-0: 2-RUN HOME RUN (Flyball, 89XD, EV 97.5 MPH), Distance : 442 ft
|
Batting: SHB Yasmani Grandal
|
0-0: Ball 1-0: Ball 2-0: Called Strike 2-1: SOLO HOME RUN (Flyball, 9LD, EV 94.4 MPH), Distance : 353 ft
|
Batting: LHB Daniel Palka
|
0-0: DOUBLE (Line Drive, 9LD, EV 99.4 MPH)
|
Batting: LHB Kyle Seager
|
0-0: Ball 1-0: Ball 2-0: Called Strike 2-1: Fly out, F8 (Flyball, 8LM, EV 90.0 MPH)
|
Bottom of the 7th over - 3 runs, 4 hits, 0 errors, 1 left on base; Pittsburgh 1 - San Francisco 5 |
TOP OF THE 8TH |
Pittsburgh Pirates batting - Pitching for San Francisco Giants : RHP Brad Boxberger
|
Pitching: RHP Chris Devenski
|
|
Batting: RHB Renato Nunez
|
0-0: Ball 1-0: SINGLE (Groundball, 56D, EV 102.5 MPH)
|
Batting: RHB Josh Phegley
|
0-0: Fly out, F8 (Flyball, 8RS, EV 79.4 MPH)
|
Pinch Hitting: LHB Bobby Bradley
|
0-0: Called Strike 0-1: Foul Ball, location: 2F 0-2: Ball 1-2: Ball 2-2: Ball 3-2: Foul Ball, location: 2F 3-2: Base on Balls Renato Nunez to second
|
Pitching: RHP Luke Gregerson
|
|
Batting: RHB Byron Buxton
|
0-0: Called Strike 0-1: Foul Ball, location: 2F 0-2: Ball 1-2: Strikes out looking
|
Batting: LHB Jason Kipnis
|
0-0: Foul Ball, location: 2F 0-1: Ground out 3-1 (Groundball, 34, EV 102.5 MPH)
|
Top of the 8th over - 0 runs, 1 hit, 0 errors, 2 left on base; Pittsburgh 1 - San Francisco 5 |
BOTTOM OF THE 8TH |
San Francisco Giants batting - Pitching for Pittsburgh Pirates : RHP Rick Porcello
|
Pitching: RHP Nick Kingham
|
|
Batting: LHB Tyler Naquin
|
0-0: Ball 1-0: Swinging Strike 1-1: Ground out 5-3 (Groundball, 56S, EV 70.0 MPH)
|
Batting: RHB Austin Slater
|
0-0: Foul Ball, location: 2F 0-1: Ball 1-1: Swinging Strike 1-2: Ball 2-2: Foul Ball, location: 2F 2-2: Ball 3-2: SOLO HOME RUN (Flyball, 78XD, EV 99.4 MPH), Distance : 429 ft
|
Batting: RHB Yairo Munoz
|
0-0: Ball 1-0: Ball 2-0: Called Strike 2-1: Fly out, F7 (Flyball, 7LSF, EV 89.4 MPH)
|
Pinch Hitting: RHB Dustin Pedroia
|
0-0: Ball 1-0: Called Strike 1-1: Called Strike 1-2: Foul Ball, location: 2F 1-2: SOLO HOME RUN (Line Drive, 78XD, EV 100.6 MPH), Distance : 418 ft
|
Batting: RHB Jose Iglesias
|
0-0: SINGLE (Line Drive, 7S, EV 90.6 MPH)
|
Batting: LHB Anthony Rizzo
|
0-0: Ball 1-0: Ball 2-0: SINGLE (Line Drive, 34D, EV 100.0 MPH) Jose Iglesias to second
|
Batting: SHB Yasmani Grandal
|
0-0: Ball 1-0: Called Strike 1-1: Ball 2-1: Swinging Strike 2-2: Foul Ball, location: 2F 2-2: Ball 3-2: Base on Balls Jose Iglesias to third Anthony Rizzo to second
|
Batting: LHB Daniel Palka
|
0-0: Fly out, F9 (Line Drive, 9, EV 85.0 MPH)
|
Bottom of the 8th over - 2 runs, 4 hits, 0 errors, 3 left on base; Pittsburgh 1 - San Francisco 7 |
TOP OF THE 9TH |
Pittsburgh Pirates batting - Pitching for San Francisco Giants : RHP Luke Gregerson
|
Pitching: RHP Luke Leftwich
|
|
Batting: LHB LaMonte Wade
|
0-0: Foul Ball, location: 2F 0-1: Ball 1-1: Swinging Strike 1-2: Ball 2-2: Foul Ball, location: 2F 2-2: Ball 3-2: SINGLE (Line Drive, 78S, EV 101.3 MPH)
|
Batting: RHB Franmil Reyes
|
0-0: Ball 1-0: Ball 2-0: Ball 3-0: Base on Balls LaMonte Wade to second
|
Batting: RHB Ryan Zimmerman
|
0-0: Fly out, F6 (Flyball, 56D, EV 71.3 MPH)
|
Batting: LHB Jake Lamb
|
0-0: Called Strike 0-1: Foul Ball, location: 2F 0-2: Ball 1-2: Ball 2-2: Strikes out swinging
|
Batting: RHB Renato Nunez
|
0-0: Ball 1-0: Foul Ball, location: 2F 1-1: Called Strike 1-2: Ball 2-2: Foul Ball, location: 2F 2-2: Strikes out swinging
|
Top of the 9th over - 0 runs, 1 hit, 0 errors, 2 left on base; Pittsburgh 1 - San Francisco 7 |
|